 Dungeon Crawl Stone Soup version 0.21.1-1-g345015fe64 (webtiles) character file.

4088 Lavandula the Fighter (level 10, 0/80 HPs)
             Began as a Barachi Earth Elementalist on July 18, 2018.
             Was a Follower of Cheibriados.
             Slain by a yak (7 damage)
             ... on level 8 of the Dungeon.
             The game lasted 00:30:18 (4229 turns).

Lavandula the Fighter (Barachi Earth Elementalist)  Turns: 4229, Time: 00:30:19

Health: 0/80       AC: 10    Str: 17    XL:     10   Next: 26%
Magic:  0/17       EV: 12    Int: 21    God:    Cheibriados [*.....]
Gold:   159        SH:  0    Dex: 14    Spells: 4/19 levels left

rFire    . . .     SeeInvis .   I - +1 hand axe (freeze)
rCold    . . .     Gourm    .   (no shield)
rNeg     . . .     Faith    .   r - +3 leather armour
rPois    .         Spirit   .   f - +2 helmet
rElec    .         Reflect  .   (no cloak)
rCorr    .         Harm     .   u - +0 pair of gloves
MR       .....                  (no boots)
Stlth    ++........             (no amulet)
HPRegen  0.23/turn              (no ring)
MPRegen  0.15/turn              (no ring)

@: mighty, can't hop, very slow
A: +LOS, swims, slowness 1, strong legs 1
a: Hop, Bend Time, Renounce Religion


You were on level 8 of the Dungeon.
You worshipped Cheibriados.
Cheibriados was aware of your devotion.
You were not hungry.

You visited 1 branch of the dungeon, and saw 9 of its levels.

You collected 307 gold pieces.
You spent 148 gold pieces at shops.

Inventory:

Hand Weapons
 k - a +0 mace
 q - a +0 falchion
 I - a +1 hand axe of freezing (weapon)
Missiles
 j - 12 poisoned needles
 m - 3 javelins (quivered)
 o - an exploding tomahawk
 v - 45 stones
Armour
 c - a +0 robe
 f - a +2 helmet (worn)
 g - a +0 chain mail
 l - a +0 leather armour
 p - the +2 robe "Leminteh" {Str+3}
   (You found it on level 4 of the Dungeon)

   It affects your strength (+3).
 r - a +3 leather armour (worn)
 u - a +0 pair of gloves (worn)
 G - the +1 robe of Bien {rF- Dex+7}
   (You found it on level 7 of the Dungeon)

   It affects your dexterity (+7).
   It makes you vulnerable to fire.
 J - a +2 plate armour of fire resistance
Magical Staves
 C - an uncursed staff of poison {unknown}
Wands
 n - a wand of iceblast (14)
 z - a wand of random effects (39)
Scrolls
 a - 2 scrolls of enchant weapon
 s - a scroll of magic mapping
 t - a scroll of teleportation
 y - 2 scrolls of fog
 B - 3 scrolls of amnesia
Potions
 i - a potion of degeneration
 x - a potion of lignification {unknown}
Books
 e - a book of Geomancy

   Spells                             Type                      Level
   a - Sandblast                      Earth                        1
   b - Passwall                       Transmutation/Earth          2
   c - Stone Arrow                    Conjuration/Earth            3
   d - Petrify                        Transmutation/Earth          4
   e - Lee's Rapid Deconstruction     Earth                        5
 H - the Disquisition on Boosts and Flight
   (You found it on level 7 of the Dungeon)

   Spells                             Type                      Level
   a - Shock                          Conjuration/Air              1
   b - Shroud of Golubria             Charms/Translocation         2
   c - Poisonous Vapours              Poison/Air                   2
   d - Airstrike                      Air                          4
   e - Lightning Bolt                 Conjuration/Air              5
   f - Freezing Cloud                 Conjuration/Ice/Air          6
Comestibles
 d - 6 rations


   Skills:
 - Level 8.2 Fighting
 - Level 7.4 Long Blades
 + Level 7.7 Axes
 - Level 2.1 Dodging
 - Level 1.7 Stealth
 - Level 5.0 Spellcasting
 - Level 1.1 Transmutations
 - Level 7.3 Earth Magic
 - Level 2.3 Evocations


You had 4 spell levels left.
You knew the following spells:

 Your Spells              Type           Power        Failure   Level  Hunger
a - Sandblast             Erth           #####.       1%          1    None
b - Stone Arrow           Conj/Erth      ###...       9%          3    ##.....
c - Petrify               Tmut/Erth      ###.....     22%         4    ####...
d - Lee's Rapid Deconstr  Erth           #####.....   17%         5    #####..
e - Shroud of Golubria    Chrm/Tloc      #.........   21%         2    None


Dungeon Overview and Level Annotations

Branches:
Dungeon (9/15)             Temple (0/1) D:5
   Lair: D:8-11         Orc: D:9-12

Altars:
Cheibriados
Dithmenos
Elyvilon
Kikubaaqudgha
Makhleb
Vehumet
Yredelemnul

Shops:
D:5 *   D:6 =

Annotations:
D:5 exclusion: statue, nawrastar's ghost, novice GnWn
D:8 Maurice


Innate Abilities, Weirdness & Mutations

Shadows flee at your approach. (+LOS)
You can swim through water.
You cover ground slowly.
You can hop short distances.


Message History

Aiming: Sandblast
Press: ? - help, Shift-Dir - straight line, f/p - yak
Aim: a yak (severely wounded)
The blast of sand hits the yak.
The yak is severely wounded.
v - 45 stones The yak gores you!
* * * LOW HITPOINT WARNING * * *
Casting: Sandblast
Confirm with . or Enter, or press ? or * to list all spells.
You don't have enough magic to cast that spell.
Unknown command.
It was a potion of might.
You feel very mighty all of a sudden. The yak misses you.
Okay, then.
You closely miss the yak.
The yak is severely wounded.
The yak gores you!
You die...

###########
#>........#
..
#.†.......##
###.
#...........
.%.
#).Y......#
#..##
#..@..<...#
.#..
#.........#
..$
#............
#..
#......######
#.. #......#
#.. #.....##
#). #......
#[. #.....#
#)# #######
.##.#######†#


You could see a yak.

Vanquished Creatures
  A two-headed ogre (D:8)
  Prince Ribbit (D:5)
  A hippogriff (D:7)
  Sigmund (D:6)
  A yak (D:8)
  A hungry ghost (D:8)
  3 water moccasins
  An orc warrior (D:7)
  An ice beast (D:5)
  2 ogres
  3 phantoms
  2 centaurs
  2 bullfrogs
  A scorpion (D:5)
  A water moccasin skeleton (D:8)
  2 howler monkeys
  4 crimson imps
  2 bullfrog zombies
  A quasit (D:5)
  4 hounds
  2 jellies
  2 orc priests
  6 orc wizards
  A bullfrog skeleton (D:8)
  An iguana (D:4)
  6 worker ants
  A hound zombie (D:8)
  2 hound skeletons
  11 gnolls
  13 adders
  5 shadow imps
  2 oozes
  An adder skeleton (D:5)
  5 worms
  A dart slug (D:3)
  A leopard gecko (D:5)
  21 orcs
  7 bats
  5 giant cockroaches
  3 goblins
  10 hobgoblins
  14 jackals
  A kobold (D:2)
  3 quokkas
  A ball python (D:3)
  2 frilled lizards
  A leopard gecko skeleton (D:5)
  A leopard gecko zombie (D:7)
  3 rats
167 creatures vanquished.

Notes
Turn   | Place    | Note
-------+----------+-------------------------------------------
     0 | D:1      | Lavandula the Barachi Earth Elementalist began the quest for the Orb.
     0 | D:1      | Reached XP level 1. HP: 13/13 MP: 3/3
   130 | D:2      | Found a burning altar of Makhleb.
   146 | D:2      | Reached XP level 2. HP: 15/19 MP: 0/5
   313 | D:3      | Reached XP level 3. HP: 11/24 MP: 0/8
   318 | D:3      | Learned a level 3 spell: Stone Arrow
   614 | D:3      | Found a snail-covered altar of Cheibriados.
   720 | D:2      | Reached XP level 4. HP: 21/30 MP: 4/9
   732 | D:2      | Learned a level 4 spell: Petrify
   762 | D:3      | Found a shadowy altar of Dithmenos.
   975 | D:3      | Reached XP level 5. HP: 19/35 MP: 5/10
  1075 | D:3      | Reached skill level 5 in Earth Magic
  1347 | D:4      | Got a slimy robe
  1404 | D:4      | Reached skill level 1 in Fighting
  1471 | D:4      | Noticed a phantom
  1498 | D:4      | Killed a phantom
  1498 | D:4      | Reached XP level 6. HP: 39/44 MP: 1/11
  1672 | D:4      | Found an ancient bone altar of Kikubaaqudgha.
  1761 | D:5      | Entered Level 5 of the Dungeon
  1795 | D:5      | Found a staircase to the Ecumenical Temple.
  1847 | D:5      | Noticed Prince Ribbit
  1866 | D:5      | Reached XP level 7. HP: 41/49 MP: 1/13
  1877 | D:5      | Learned a level 5 spell: Lee's Rapid Deconstruction
  1928 | D:4      | Reached skill level 5 in Spellcasting
  1969 | D:5      | Found a radiant altar of Vehumet.
  2012 | D:5      | Killed Prince Ribbit
  2101 | D:5      | Found a white marble altar of Elyvilon.
  2221 | D:5      | Found a basalt altar of Yredelemnul.
  2228 | D:5      | Reached XP level 8. HP: 33/56 MP: 5/15
  2293 | D:5      | Noticed nawrastar's ghost (novice GnWn)
  2324 | D:5      | Found Wick's General Store.
  2334 | D:5      | Bought a scroll of fear for 38 gold pieces
  2334 | D:5      | Bought a potion of degeneration for 11 gold pieces
  2334 | D:5      | Bought a potion of heal wounds for 55 gold pieces
  2334 | D:5      | Bought a potion of agility for 44 gold pieces
  2529 | D:6      | Noticed Sigmund
  2607 | D:5      | HP: 2/56 [ice beast (11)]
  2702 | D:7      | Noticed a hippogriff
  2735 | D:6      | Reached skill level 5 in Long Blades
  2902 | D:6      | Killed Sigmund
  2928 | D:6      | Reached skill level 2 in Fighting
  2997 | D:6      | Reached skill level 3 in Fighting
  3044 | D:7      | Reached XP level 9. HP: 53/65 MP: 9/16
  3050 | D:6      | Reached skill level 4 in Fighting
  3096 | D:7      | Reached skill level 5 in Fighting
  3180 | D:7      | Reached skill level 6 in Fighting
  3222 | D:7      | Reached skill level 7 in Fighting
  3281 | D:6      | Found Uder's Jewellery Emporium.
  3490 | D:7      | Got a ripped robe
  3503 | D:7      | Identified the Disquisition on Boosts and Flight
  3508 | D:7      | Learned a level 2 spell: Shroud of Golubria
  3549 | D:7      | Reached skill level 8 in Fighting
  3576 | D:7      | Reached skill level 1 in Axes
  3604 | D:7      | Identified the +2 robe "Leminteh" {Str+3} (You found it on level 4 of the Dungeon)
  3614 | D:7      | Identified the cursed +1 robe of Bien {rF- Dex+7} (You found it on level 7 of the Dungeon)
  3850 | D:3      | Became a worshipper of Cheibriados the Contemplative
  4008 | D:8      | Noticed Maurice
  4026 | D:8      | Noticed a two-headed ogre
  4047 | D:8      | Reached skill level 5 in Axes
  4049 | D:8      | Reached XP level 10. HP: 76/80 MP: 3/17
  4052 | D:8      | Killed a two-headed ogre
  4102 | D:8      | Reached * piety under Cheibriados
  4229 | D:8      | Slain by a yak

Skill      XL: |  1  2  3  4  5  6  7  8  9 10 |
---------------+-------------------------------+-----
Spellcasting   | 3 4 5 |  5.0
Earth Magic    | 4 5 6 7 |  7.3
Long Blades    | 3 4 7 |  7.4
Fighting       | 1 3 8 |  8.2
Evocations     | 2 |  2.3
Axes           | 5 7 |  7.7
Dodging        | |  2.1
Stealth        | |  1.7
Transmutations | |  1.1

Action                   |  1- 3 |  4- 6 |  7- 9 | 10-12 || total
-------------------------+-------+-------+-------+-------++-------
Melee: Unarmed           |    36 |       |       |       ||    36
       Mace              |     6 |    33 |       |       ||    39
       Falchion          |       |    85 |   273 |       ||   358
       Hand axe          |       |       |       |    10 ||    10
Throw: Javelin           |       |     9 |     4 |       ||    13
       Stone             |       |       |     1 |       ||     1
       Tomahawk          |       |       |     1 |       ||     1
 Cast: Sandblast         |    45 |    27 |   119 |    22 ||   213
       Stone Arrow       |     7 |    18 |    25 |     3 ||    53
       Lee's Rapid Decon |       |       |     9 |     1 ||    10
       Petrify           |       |       |     1 |       ||     1
       Shroud of Golubri |       |       |     1 |       ||     1
 Abil: Hop               |     3 |     3 |    12 |     1 ||    19
Evoke: Wand              |       |       |     9 |       ||     9
  Use: Potion            |       |     4 |     4 |     1 ||     9
       Scroll            |       |       |    10 |     2 ||    12
 Stab: Sleeping          |     1 |       |     1 |       ||     2
  Eat: Chunk             |       |     7 |     7 |       ||    14
       Ration            |       |       |     3 |       ||     3
Armor: Robe              |    22 |     9 |       |       ||    31
       Leather armour    |       |    45 |   155 |     1 ||   201
Dodge: Dodged            |    67 |   151 |   236 |    19 ||   473
       Rpst.: Falchion   |       |    42 |    67 |     1 ||   110
